Map: Blackpink LE

Players

ELBARTO - Winner!

  • Race: Protoss Protoss
  • League: Gold
  • Spawn Location: 7:00

Infamous

  • Race: Protoss Protoss
  • League: Silver
  • Spawn Location: 1:00

VOD

Have the link to the VOD?

Description

Time

  • Played on: April 4, 2018, 5:06 p.m.
  • Length: 17:08
Show
View Real Time Build Order
Export as new Build Order

ELBARTO Protoss - Winner!

Build Orders:  

Get SALT Encoding   

  12  0:01  Probe (Chrono Boost)  
  13  0:10  Probe (Chrono Boost)  
  14  0:18  Pylon  
  14  0:25  Probe  
  15  0:38  Gateway  
  15  0:43  Assimilator  
  15  0:44  Probe  
  16  0:56  Probe (Chrono Boost), Assimilator  
  17  1:08  Probe (Chrono Boost)  
  18  1:12  Gateway  
  18  1:15  Probe (Chrono Boost)  
  19  1:28  Cybernetics Core  
  19  1:31  Probe  
  22  1:40  Zealot  
  22  1:43  Probe  
  23  1:49  Pylon  
  23  2:07  Probe  
  24  2:08  Warp Gate (Chrono Boost)  
  24  2:16  Twilight Council  
  24  2:21  Stalker x2  
  28  2:41  Pylon  
  28  2:45  Probe  
  29  2:53  Charge  
  29  3:04  Nexus  
  29  3:34  Stalker x2  
  33  3:43  Gateway  
  33  3:48  Gateway  
  33  3:51  Pylon  
  33  4:01  Stargate  
  33  4:08  Probe  
  34  4:20  Probe (Chrono Boost)  
  35  4:25  Zealot  
  35  4:27  Zealot  
  35  4:30  Probe (Chrono Boost)  
  41  4:38  Probe (Chrono Boost)  
  41  4:40  Probe (Chrono Boost)  
  41  4:45  Probe x2 (Chrono Boost)  
  44  4:54  Templar Archives  
  44  4:57  Probe  
  44  4:58  Pylon  
  45  5:04  Oracle  
  48  5:08  Stalker  
  48  5:09  Probe  
  48  5:12  Stalker  
  53  5:18  Assimilator  
  53  5:20  Assimilator  
  53  5:21  Probe (Chrono Boost)  
  54  5:27  Stalker  
  56  5:34  Psionic Storm  
  52  5:54  Stalker  
  52  5:55  Stalker  
  56  6:07  Probe  
  56  6:11  Zealot x2  
  61  6:19  Probe, Gateway  
  61  6:22  Gateway  
  62  6:28  High Templar  
  62  6:31  Probe  
  65  6:43  Probe  
  66  6:55  Probe  
  67  7:13  High Templar  
  69  7:23  Pylon  
  69  7:25  Pylon  
  69  7:27  Probe (Chrono Boost)  
  69  7:29  Pylon  
  70  7:33  Pylon  
  70  7:40  Probe (Chrono Boost)  
  70  7:42  Gateway  
  71  7:44  Gateway  
  71  7:49  Gateway  
  71  7:50  Probe  
  72  7:53  Stalker x2  
  72  7:54  Stalker  
  72  7:58  High Templar  
  80  8:02  Probe  
  81  8:06  High Templar  
  83  8:14  Probe  
  84  8:25  Void Ray  
  85  8:31  Zealot x5  
  95  8:59  Stalker x3  
  101  9:02  Nexus  
  100  9:13  High Templar  
  102  9:21  Pylon  
  102  9:22  Pylon  
  102  9:25  Pylon  
  102  9:28  Pylon  
  90  9:42  Archon  
  76  9:52  Stalker x4  
  78  9:53  Stalker x2  
  78  9:54  Stalker x3  
  90  10:05  Blink  
  90  10:24  High Templar x2  
  94  10:42  Zealot  
  94  10:43  Zealot x5  
  94  10:44  Zealot  
  108  10:52  Pylon  
  108  10:55  Pylon  
  108  10:57  Pylon  
  108  10:58  Pylon  
  108  11:04  Forge  
  108  11:07  Forge, Void Ray  
  112  11:14  Nexus  
  112  11:19  High Templar x2  
  116  11:38  Protoss Ground Weapons Level 1  
  116  11:50  Void Ray  
  116  11:51  Stalker x4  
  116  11:52  Stalker  
  130  12:00  Photon Cannon x2  
  130  12:03  Photon Cannon  
  130  12:05  Shield Battery  
  130  12:07  Shield Battery  
  130  12:09  Assimilator  
  130  12:14  Assimilator  
  130  12:25  Probe  
  130  12:27  Probe  
  132  12:37  High Templar x3  
  132  12:38  Probe  
  132  12:39  Probe  
  132  12:40  Stalker  
  138  12:50  Probe  
  119  12:58  Archon x2  
  105  13:02  Probe  
  104  13:12  Stalker x3  
  106  13:13  Stalker x4  
  106  13:14  Probe  
  117  13:32  Protoss Ground Armor Level 1  
  93  14:10  Stalker  
  93  14:11  Stalker x6  
  93  14:12  Stalker x2  
  111  14:19  Void Ray  
  111  14:22  Probe (Chrono Boost)  
  117  14:32  Probe (Chrono Boost)  
  117  14:37  Probe (Chrono Boost)  
  117  14:42  High Templar  
  117  14:43  High Templar x2  
  124  14:48  Probe  
  125  15:00  Probe  
  114  15:13  Pylon  
  104  15:22  Void Ray  
  108  15:35  Pylon  
  108  15:36  Photon Cannon  
  108  15:38  Photon Cannon  
  108  15:39  Photon Cannon  
  108  15:46  Stalker  
  108  15:47  Stalker x3  
  108  15:48  Pylon, Stalker x5  
  126  16:05  Void Ray  
  126  16:06  Nexus  
  130  16:23  Zealot x5  
  130  16:24  Zealot x3  
Show
View Real Time Build Order
Export as new Build Order

Infamous Protoss 

Build Orders:  

Get SALT Encoding   

  12  0:01  Probe  
  13  0:13  Probe  
  14  0:18  Pylon  
  14  0:29  Probe  
  15  0:38  Gateway  
  15  0:41  Probe (Chrono Boost)  
  16  0:51  Probe (Chrono Boost)  
  16  0:53  Assimilator  
  16  0:56  Probe (Chrono Boost)  
  18  1:07  Probe  
  18  1:10  Gateway  
  19  1:19  Probe  
  19  1:22  Assimilator  
  20  1:33  Probe, Cybernetics Core  
  21  1:47  Pylon  
  21  1:50  Probe  
  22  1:58  Pylon  
  22  2:05  Probe  
  23  2:10  Protoss Air Weapons Level 1  
  23  2:11  Stalker (Chrono Boost)  
  23  2:15  Stalker (Chrono Boost)  
  27  2:23  Probe  
  28  2:35  Probe  
  28  2:42  Robotics Facility  
  28  2:47  Sentry  
  28  2:49  Probe  
  31  3:14  Nexus  
  31  3:20  Pylon  
  31  3:38  Probe, Sentry (Chrono Boost), Observer  
  35  3:51  Gateway  
  35  3:53  Gateway  
  35  3:56  Gateway  
  35  3:59  Gateway  
  35  4:11  Immortal  
  35  4:15  Warp Gate (Chrono Boost)  
  39  4:26  Probe (Chrono Boost)  
  39  4:29  Stalker  
  42  4:35  Probe (Chrono Boost)  
  44  4:41  Zealot  
  44  4:43  Probe (Chrono Boost), Zealot  
  44  4:44  Probe (Chrono Boost)  
  49  4:56  Probe x2  
  49  4:57  Pylon  
  51  5:18  Zealot (Chrono Boost)  
  55  5:24  Probe x2  
  55  5:26  Zealot (Chrono Boost)  
  55  5:27  Forge  
  61  5:28  Zealot (Chrono Boost)  
  61  5:29  Zealot (Chrono Boost)  
  61  5:38  Probe  
  61  5:40  Probe  
  61  5:47  Immortal (Chrono Boost)  
  61  5:59  Probe  
  62  6:17  Pylon  
  62  6:19  Pylon  
  62  6:24  Gateway  
  62  6:26  Gateway  
  62  6:35  Probe x2  
  62  6:38  Pylon  
  64  6:41  Pylon  
  64  6:44  Photon Cannon  
  64  6:47  Shield Battery  
  64  6:50  Stalker  
  64  6:51  Stalker  
  64  6:53  Nexus  
  65  6:55  Pylon  
  65  6:57  Pylon, Stalker  
  57  7:11  Stalker  
  57  7:15  Probe  
  60  7:18  Probe  
  61  7:27  Probe  
  62  7:35  Photon Cannon  
  62  7:36  Photon Cannon  
  62  7:39  Probe x2 (Chrono Boost)  
  64  7:48  Probe (Chrono Boost)  
  65  7:54  Stalker x2  
  69  7:59  Observer (Chrono Boost)  
  72  8:08  Probe x2 (Chrono Boost)  
  72  8:09  Probe (Chrono Boost)  
  73  8:13  Stalker  
  73  8:15  Probe (Chrono Boost)  
  73  8:16  Sentry x2  
  73  8:18  Probe x2 (Chrono Boost)  
  82  8:23  Probe  
  83  8:28  Probe (Chrono Boost)  
  83  8:29  Pylon  
  83  8:33  Stalker x2  
  88  8:35  Sentry  
  88  8:39  Probe (Chrono Boost)  
  92  8:44  Probe (Chrono Boost)  
  92  8:49  Immortal  
  92  8:50  Probe (Chrono Boost)  
  92  8:52  Probe (Chrono Boost), Protoss Ground Weapons Level 1 (Chrono Boost)  
  92  8:54  Probe (Chrono Boost)  
  99  9:13  Zealot x5  
  99  9:14  Zealot  
  91  9:41  Stalker x2  
  91  9:43  Zealot x5  
  91  9:44  Zealot  
  93  9:53  Probe x2  
  93  9:57  Pylon  
  96  10:00  Probe, Pylon  
  96  10:04  Photon Cannon  
  96  10:05  Probe  
  96  10:06  Photon Cannon  
  97  10:10  Photon Cannon  
  97  10:16  Assimilator  
  93  10:22  Stalker x3  
  93  10:24  Zealot  
  93  10:25  Zealot x3  
  107  10:34  Probe x2  
  109  10:42  Twilight Council  
  109  10:43  Assimilator  
  109  10:48  Stalker  
  111  10:51  Probe x2  
  111  10:53  Assimilator  
  113  10:57  Assimilator  
  113  11:02  Photon Cannon  
  113  11:04  Photon Cannon  
  113  11:06  Photon Cannon  
  113  11:18  Stalker x2  
  113  11:19  Stalker  
  113  11:21  Zealot x3  
  113  11:22  Zealot  
  127  11:32  Probe x3  
  130  11:36  Charge (Chrono Boost)  
  130  11:44  Probe  
  131  11:53  Templar Archives  
  131  12:23  Zealot x3  
  131  12:24  Zealot x2  
  141  12:30  Nexus  
  141  12:33  Pylon  
  141  12:34  Pylon  
  141  12:36  Pylon  
  118  12:52  Psionic Storm  
  72  12:58  Stalker  
  72  12:59  Stalker x4  
  72  13:00  Stalker x3  
  72  13:02  Probe x2  
  78  13:08  Probe  
  77  13:14  Probe  
  77  13:15  Probe  
  77  13:19  Immortal  
  83  13:20  Probe  
  83  13:23  High Templar x2  
  83  13:26  Zealot  
  83  13:27  Probe, Zealot x5  
  101  13:35  Protoss Ground Weapons Level 2 (Chrono Boost)  
  97  13:53  Zealot x2  
  97  13:54  Zealot x4  
  96  14:00  High Templar  
  94  14:07  High Templar  
  96  14:14  Probe  
  96  14:15  Probe  
  98  14:19  Stalker x3  
  104  14:25  Probe x2  
  104  14:26  Probe  
  104  14:28  Probe, Assimilator  
  108  14:32  Stalker x3  
  108  14:33  Stalker  
  108  14:37  Probe  
  117  14:46  High Templar  
  117  14:50  Archon  
  119  14:53  Zealot x3  
  119  14:57  Probe  
  119  14:58  Probe x3  
  109  15:10  Probe  
  109  15:13  High Templar x3  
  110  15:15  Zealot x4  
  118  15:22  Stalker  
  118  15:23  Probe x2  
  118  15:24  Probe  
  123  15:39  Probe, Assimilator  
  123  15:40  Probe x2  
  123  15:42  Zealot x3  
  132  15:44  High Templar x4  
  140  15:54  Zealot  
  142  16:04  Pylon  
  142  16:07  Probe x2  
  142  16:08  Probe  
  142  16:10  Zealot x3  
  151  16:17  Sentry  
  151  16:18  Sentry x4  
  99  16:41  Stalker x4  
  99  16:42  Stalker x4  
  85  17:02  Zealot x3  
Tags
 
Matchup
PvP
Replay Pack
Last Remnant (2)
Spawn Locations
Cross Positions
Add a new tag
Caveats
  • Supply blocks, unpowered buildings, or Contaminate may cause inaccurate times.
  • Supply counts are checked every 10 seconds.